 Dungeon Crawl Stone Soup version 0.30.1-11-g7821555f0a (webtiles) character file.

Game seed: 8111330367225689448

32 Noth1ng the Grave Robber (level 3, 0/19 HPs)
             Began as a Deep Elf Necromancer on Dec 11, 2023.
             Slain by an adder (3 damage)
             ... on level 5 of the Dungeon on Dec 13, 2023.
             The game lasted 00:09:12 (621 turns).

Noth1ng the Grave Robber (Deep Elf Necromancer)      Turns: 621, Time: 00:09:13

Health: 0/19       AC:  2    Str:  5    XL:     3   Next: 8%
Magic:  7/10       EV: 27    Int: 21    God:
Gold:   82         SH:  0    Dex: 15    Spells: 8/9 levels left

rFire   . . .        (no weapon)
rCold   . . .        (no shield)
rNeg    . . .        a - +0 robe
rPois   .            (no helmet)
rElec   .            (no cloak)
rCorr   .            (no gloves)
SInv    .            (no boots)
Will    .....        c - amulet of the acrobat
Stlth   ++           (no ring)
HPRegen 0.23/turn    (no ring)
MPRegen 0.12/turn

%: acrobat
@: acrobatic
A: no striking features
a: no special abilities


You were on level 5 of the Dungeon.
You visited 1 branch of the dungeon, and saw 4 of its levels.

You collected 82 gold pieces.

Inventory:

Armour
 a - a +0 robe (worn)
Jewellery
 c - an amulet of the acrobat (around neck)
Scrolls
 e - a scroll of noise {unknown}
 f - 2 scrolls of identify {unknown}
 g - 3 scrolls of poison {unknown}
 i - a scroll of amnesia {unknown}
Potions
 d - 3 potions of degeneration {unknown}
 h - 2 potions of flight {unknown}
 j - a potion of curing {unknown}
 k - a potion of lignification {unknown}
Miscellaneous
 b - a piece from Xom's chessboard (15/15)


   Skills:
 + Level 2.5 Dodging
 + Level 2.4 Stealth
 + Level 3.9 Spellcasting
 + Level 5.5 Necromancy


You had 8 spell levels left.
You knew the following spells:

 Your Spells              Type           Power      Damage    Failure   Level
a - Necrotise             Necr           100%       1d9       1%          1

Your spell library contained the following spells:

 Spells                   Type           Power      Damage    Failure   Level
 Vampiric Draining        Necr           27%        2d7       3%          3
 Animate Dead             Necr           27%        N/A       12%         4
 Agony                    Necr           27%        N/A       34%         5


Dungeon Overview and Level Annotations

Branches:
Dungeon (5/15)
 Temple: D:4-7

Altars:
Xom


Message History

No target in view!
You hit the butterfly.
You kill the butterfly!
Found a scroll labelled XIAWOAM TIHY.
No target in view!
No target in view!
No target in view!
No target in view!
You see here a +0 helmet.
f - 2 scrolls labelled XIAWOAM TIHY (gained 1)
There are no items here.
There is a shimmering altar of Xom here.
You see here a piece from Xom's chessboard (15/15).
b - a piece from Xom's chessboard (15/15)
There is a shimmering altar of Xom here.
You kneel at the altar of Xom.
Found a stone staircase leading up.
Found a stone staircase leading down.
An ufetubus comes into view.
The ufetubus shouts!
An adder comes into view.
The adder hisses angrily.
The adder moves out of view.
An ogre comes into view. It is wielding a +0 giant spiked club.
The ufetubus hits you. The ufetubus misses you.
The ufetubus is unaffected.
The ogre shouts!
The ufetubus hits you. The ufetubus barely misses you.
The ufetubus is unaffected.
The ufetubus hits you. The ufetubus misses you. The ufetubus hits you. x2
The ufetubus is unaffected.
The ufetubus hits you. x2
* * * LOW HITPOINT WARNING * * *
The adder bites you.
* * * LOW HITPOINT WARNING * * *
You are too injured to fight recklessly!
You are too injured to fight recklessly!
You are too injured to fight recklessly!
You are too injured to fight recklessly!
The ufetubus misses you. x2; The adder bites you.
You die...

##### ######### ....#
#.......# ....#
#.......# ....#
#.......#
....###########.......#
...............<...>#
.._............5....#
................@...#
...............S....#
.........b..............
#####....#+###..####.##.
+ #....+ O.... .. #
+....# ....#~# .. #
#....# #..###≈~# .
#########..... ≈≈
#...##..#..


You could see an ogre, an adder and an ufetubus.

Vanquished Creatures
  3 dart slugs (D:2)
  2 endoplasms (D:2)
  2 giant cockroaches
  2 goblins
  A quokka (D:2)
  A ball python (D:1)
  A bat (D:2)
  2 frilled lizards
  5 kobolds (D:2)
  3 rats (D:2)
  A butterfly (D:5)
23 creatures vanquished.

Vanquished Creatures (collateral kills)
  A goblin (D:2)
  2 bats
3 creatures vanquished.

Grand Total: 26 creatures vanquished

Notes
Turn   | Place    | Note
-------+----------+-------------------------------------------
     0 | D:1      | Noth1ng the Deep Elf Necromancer began the quest for the
                  | Orb.
     0 | D:1      | Reached XP level 1. HP: 10/10 MP: 6/6
   152 | D:2      | Reached skill level 5 in Necromancy
   181 | D:2      | Reached XP level 2. HP: 15/15 MP: 2/8
   450 | D:2      | Reached XP level 3. HP: 19/19 MP: 3/10
   519 | D:3      | You fall into a shaft and drop 2 floors!
   519 | D:5      | Entered Level 5 of the Dungeon
   582 | D:5      | Found a shimmering altar of Xom.
   617 | D:5      | Noticed an ogre
   621 | D:5      | Slain by an adder

Illustrated notes

Levels and vault maps discovered:
D:1:      dpeg_arrival_orchard, layout_basic
D:2:      layout_rooms, corexii_item_surrounded_by_moat
D:3:      layout_basic, evilmike_ruin_ashenzari
D:5:      layout_gridville, xom_butterflies, minivault_4

Skill      XL: |  1 |
---------------+----+-----
Necromancy     | 5 |  5.5
Dodging        | |  2.5
Stealth        | |  2.4
Spellcasting   | |  3.9

Action                     || total
---------------------------++-------
  Melee: Unarmed           ||     7
   Cast: Necrotise         ||    47
    Use: Potion            ||     1
 Armour: Robe              ||     5
  Dodge: Dodged            ||    43
